 Dungeon Crawl Stone Soup version 0.30.1-11-g7821555f0a (webtiles) character file.

Game seed: 14980688839089572469

44 lonewolfV2 the Shield-Bearer (level 3, -13/30 HPs)
             Began as a Formicid Fighter on Nov 9, 2023.
             Blown up by Ijyb (17 damage)
             ... with a mindburst bolt
             ... on level 3 of the Dungeon.
             The game lasted 00:01:29 (1435 turns).

lonewolfV2 the Shield-Bearer (Formicid Fighter)     Turns: 1435, Time: 00:01:29

Health: -13/30     AC:  6    Str: 20    XL:     3   Next: 87%
Magic:  4/4        EV: 10    Int:  7    God:
Gold:   62         SH:  5    Dex: 15    Spells: 2/2 levels left

rFire   . . .        a - +0 war axe
rCold   . . .        c - +0 buckler
rNeg    . . .        b - +0 scale mail
rPois   +            (helmet unavailable)
rElec   .            (no cloak)
rCorr   .            (no gloves)
SInv    +            (no boots)
Will    .....        (no amulet) Stlth
                     g - ring of poison resistance
HPRegen 0.25/turn    (no ring)
MPRegen 0.09/turn

%: no passive effects
@: no status effects
A: permanent stasis, dig shafts and tunnels, antennae 3, four strong arms
a: Dig, Shaft Self


You were on level 3 of the Dungeon.
You visited 1 branch of the dungeon, and saw 3 of its levels.

You collected 62 gold pieces.

Inventory:

Hand Weapons
 a - a +0 war axe (weapon)
Armour
 b - a +0 scale mail (worn)
 c - a +0 buckler (worn)
Jewellery
 g - a ring of poison resistance (left hand)
 h - a +6 ring of dexterity
Scrolls
 j - a scroll of immolation
 k - 2 scrolls of teleportation
Potions
 d - a potion of might
 e - a potion of haste {unknown}
 f - a potion of attraction {unknown}
 i - 3 potions of degeneration
 l - a potion of heal wounds {unknown}
 m - 2 potions of brilliance {unknown}
 n - a potion of ambrosia {unknown}


   Skills:
 + Level 3.7 Fighting
 - Level 2.0 Axes
 - Level 3.2 Armour
 * Level 1.9 Dodging
 - Level 4.0 Shields
 + Level 1.6 Invocations


You had 2 spell levels left.
You didn't know any spells.
Your spell library contained the following spells:

 Spells                   Type           Power      Damage    Failure   Level
 Sublimation of Blood     Necr           0%         N/A       94%         2
 Petrify                  Tmut/Erth      0%         N/A       100%        4
 Irradiate                Conj/Tmut      0%         3d11      100%        5


Dungeon Overview and Level Annotations

Branches:
Dungeon (3/15)

Altars:
Yredelemnul

Annotations:
D:3 Ijyb


Innate Abilities, Weirdness & Mutations

You cannot be hasted, slowed, berserked, paralysed or teleported.
You can dig through walls and to a lower floor.
You have a pair of large antennae on your head. (SInv)
Your four strong arms can wield two-handed weapons with a shield.


Message History

There is a stone staircase leading up here.
You climb upwards.
There is a stone staircase leading down here.
Okay, then.
You climb downwards.
There is a stone staircase leading up here.
Done exploring.
Done exploring.
There is a stone staircase leading down here.
You climb downwards.
Ijyb shouts!
There is a stone staircase leading up here.
Ijyb is nearby!
Found 13 gold pieces.
Ijyb hits you with a +3 club.
You slash Ijyb!
Ijyb is moderately wounded.
Ijyb hits you with a +3 club.
A rat comes into view.
You barely miss Ijyb.
Ijyb is moderately wounded.
Ijyb barely misses you.
You closely miss Ijyb.
Ijyb is moderately wounded.
Ijyb zaps a wand.
You barely resist. Ijyb screams, "Me stronger than you!"
Ijyb hits you with a +3 club!
You closely miss Ijyb.
Ijyb is moderately wounded.
Ijyb barely misses you.
You closely miss Ijyb.
Ijyb is moderately wounded.
Ijyb zaps a wand.
Your mind is blasted!
Ouch! That really hurt!
* * * LOW HITPOINT WARNING * * *
Ijyb hits you but does no damage.
You barely miss Ijyb.
Ijyb is moderately wounded.
Ijyb zaps a wand.
Your mind is blasted!
Ouch! That really hurt!
You die...

### ..#
#.# #
##.##$#
....
####.####
#rg@<...#
#.##.##.#
# #.# #.#
### {


You could see Ijyb and a rat.

Vanquished Creatures
  An adder (D:2)
  A worm (D:2)
  3 endoplasms
  2 giant cockroaches
  3 goblins
  4 hobgoblins
  4 kobolds
  A quokka (D:1)
  4 ball pythons
  3 bats (D:2)
  2 frilled lizards (D:2)
  A rat (D:1)
29 creatures vanquished.

Notes
Turn   | Place    | Note
-------+----------+-------------------------------------------
     0 | D:1      | lonewolfV2 the Formicid Fighter began the quest for the
                  | Orb.
     0 | D:1      | Reached XP level 1. HP: 18/18 MP: 1/1
   276 | D:1      | Reached XP level 2. HP: 15/24 MP: 2/2
   354 | D:1      | Reached skill level 1 in Dodging
   776 | D:2      | Reached skill level 1 in Invocations
   862 | D:2      | Found a basalt altar of Yredelemnul.
   880 | D:2      | Reached XP level 3. HP: 29/29 MP: 3/3
  1428 | D:3      | Noticed Ijyb
  1435 | D:3      | Blown up by Ijyb

Illustrated notes

Levels and vault maps discovered:
D:1:      dpeg_chamrin_arrival_tetris, layout_basic
D:2:      layout_loops_cross, basic_altar, kennysheep_decorative_pillar
D:3:      wad_river_or_something, layout_loops_cross, uniq_ijyb, uniq_grinder

Skill      XL: |  1  2 |
---------------+-------+-----
Dodging        | 1 |  1.9
Invocations    | 1 |  1.6
Fighting       | |  3.7
Axes           | |  2.0
Armour         | |  3.2
Shields        | |  4.0

Action                     || total
---------------------------++-------
  Melee: War axe           ||    65
    Use: Scroll            ||     4
 Armour: Scale mail        ||    35
  Dodge: Dodged            ||    39
  Block: Buckler           ||    17
